[Event "Monday 22January Rapid Engine Tour 12+1 Rounds 9 Starts 1600 ST"]
[Site "Infinity Chess"]
[Date "2018.1.22"]
[Round "6"]
[White "Katzenmaier"]
[Black "SkyPilot"]
[Result "1/2-1/2"]
[ECO "B90"]
[WhiteElo "2464"]
[BlackElo "2478"]
[WhiteEngine "SugaR XPrO x64 POPCNT_CTG"]
[BlackEngine "stockfish_x64_bmi2_2018_01_13_CTG"]
[EventType "Swiss"]
[WhiteTeam ""]
[BlackTeam ""]
[PlyCount "135"]
[TimeControl "720+1"]

1. e4 c5 2. Nf3 d6 3. d4 cxd4 4. Nxd4 Nf6 5. Nc3 a6 6. Be3 e5 7. Nb3 Be6 
8. Be2 Be7 9. Qd3 Nbd7 10. Nd5 O-O 11. O-O Bxd5 12. exd5 b6 13. c3 Ne8 
14. f4 Nef6 15. Rad1 b5 16. g4 Nb6 17. fxe5 Nfxd5 18. Kh1 Nxe3 19. Qxe3 Rc8 
20. e6 fxe6 21. Rxf8+ Bxf8 22. Qxe6+ Kh8 23. Bf3 g6 24. Na5 Qe8 25. Re1 Qxe6 
26. Rxe6 Nd7 27. Bb7 Rb8 28. b4 Nb6 29. Kg2 Na4 30. Re3 Bg7 31. Nc6 Rf8 
32. Nd4 Nxc3 33. Rxc3 Bxd4 34. Rc8 Rxc8 35. Bxc8 Bc3 36. Bxa6 Bxb4 37. Bxb5 Kg7 
38. g5 Bd2 39. h4 h6 40. gxh6+ Kxh6 41. Kh3 d5 42. Kg4 Kg7 43. Bc6 d4 
44. Bg2 Kf6 45. Be4 Kf7 46. Bd3 Kg7 47. a3 Bc1 48. a4 Bd2 49. Bc4 Kf6 
50. Bd3 Kg7 51. a5 Bxa5 52. h5 gxh5+ 53. Kxh5 Kf6 54. Kh4 Be1+ 55. Kh3 Bd2 
56. Be4 Be3 57. Bf3 d3 58. Bd1 d2 59. Bc2 Bc5 60. Bd1 Bg1 61. Bc2 Bd4 
62. Bd1 Ba1 63. Kg2 Bb2 64. Bc2 Ke7 65. Bd1 Ba1 66. Kg3 Bb2 67. Ba4 d1=Q 
68. Bxd1 1/2-1/2

[Event "Monday 22January Rapid Engine Tour 12+1 Rounds 9 Starts 1600 ST"]
[Site "Infinity Chess"]
[Date "2018.1.22"]
[Round "6"]
[White "CrapCleaner"]
[Black "Wolle"]
[Result "0-1"]
[ECO "C50"]
[WhiteElo "2486"]
[BlackElo "2494"]
[WhiteEngine "Raubfisch ME262_GTZ16b3._CTG"]
[BlackEngine "Raubfisch X37a2_CTG"]
[EventType "Swiss"]
[WhiteTeam ""]
[BlackTeam ""]
[PlyCount "56"]
[TimeControl "720+1"]

1. e4 e5 2. Nf3 Nc6 3. Bc4 Bc5 4. O-O Nf6 5. d3 d6 6. c3 a5 7. Bg5 Ba7 
8. Nbd2 h6 9. Bh4 Qe7 10. a3 g5 11. Bg3 Nd7 12. b4 Nf8 13. d4 Ng6 14. h3 h5 
15. Bb5 Bd7 16. dxe5 dxe5 17. Nc4 O-O-O 18. Qa4 h4 19. Bh2 g4 20. hxg4 Bxg4 
21. Bxc6 Bxf3 22. Qb5 bxc6 23. Qa6+ Kd7 24. Nd2 Bxg2 25. Kxg2 Qg5+ 26. Kh1 Bb6 
27. Nc4 Ke7 28. Nxb6 h3 0-1

[Event "Monday 22January Rapid Engine Tour 12+1 Rounds 9 Starts 1600 ST"]
[Site "Infinity Chess"]
[Date "2018.1.22"]
[Round "5"]
[White "star99"]
[Black "OlivierEvan"]
[Result "1/2-1/2"]
[ECO "D21"]
[WhiteElo "2429"]
[BlackElo "2392"]
[WhiteEngine "Cryptic AIL V1"]
[BlackEngine "Houdini 6"]
[EventType "Swiss"]
[WhiteTeam ""]
[BlackTeam ""]
[PlyCount "130"]
[TimeControl "720+1"]

1. d4 d5 2. c4 dxc4 3. Nf3 e6 4. e3 Nf6 5. Bxc4 a6 6. O-O c5 7. b3 Nbd7 
8. Bb2 b5 9. Be2 Bb7 10. Nbd2 Be7 11. a4 b4 12. dxc5 Nxc5 13. Rc1 Rc8 
14. Rc4 Ncd7 15. Qa1 O-O 16. Bd4 Rxc4 17. Nxc4 Qc7 18. a5 Nc5 19. Qb2 Rd8 
20. Rc1 Nfe4 21. Nb6 Bd6 22. h3 f6 23. Rc4 Bd5 24. Rc1 Bb7 25. Rc4 Bd5 
26. Nxd5 exd5 27. Rc2 Qxa5 28. Nd2 Nc3 29. Bxc3 bxc3 30. Qxc3 Qxc3 31. Rxc3 g6 
32. b4 Ne6 33. Rc6 Bxb4 34. Rxe6 Bxd2 35. Rxa6 f5 36. Bd3 Bb4 37. Ra4 Bc5 
38. Ra5 Rc8 39. g4 fxg4 40. hxg4 Kf7 41. Kf1 Kf6 42. Kg2 Ke6 43. Ra6+ Kd7 
44. Ra1 Kd6 45. Rd1 Ke6 46. Rc1 Kd6 47. Rd1 Ke6 48. Rc1 Kd6 49. g5 Rb8 
50. Rd1 Ke6 51. Rc1 Kd6 52. Rh1 Rb3 53. Ba6 d4 54. exd4 Bxd4 55. Rxh7 Rb2 
56. Rf7 Be3 57. Kg3 Bxg5 58. f4 Rb3+ 59. Kg4 Be7 60. Rg7 Rb4 61. Rxg6+ Kc5 
62. Bf1 Bd6 63. Rg5+ Kb6 64. Rf5 Rxf4+ 65. Rxf4 Bxf4 1/2-1/2

[Event "Monday 22January Rapid Engine Tour 12+1 Rounds 9 Starts 1600 ST"]
[Site "Infinity Chess"]
[Date "2018.1.22"]
[Round "5"]
[White "Dinkelberger"]
[Black "ocirema"]
[Result "1/2-1/2"]
[ECO "C77"]
[WhiteElo "2364"]
[BlackElo "2431"]
[WhiteEngine "stockfish_17111113_x64_modern_CTG"]
[BlackEngine "asmfish-popcnt-012018-W_CTG"]
[EventType "Swiss"]
[WhiteTeam ""]
[BlackTeam ""]
[PlyCount "101"]
[TimeControl "720+1"]

1. e4 e5 2. Nf3 Nc6 3. Bb5 a6 4. Ba4 Nf6 5. O-O Be7 6. Re1 b5 7. Bb3 O-O 
8. c3 d5 9. exd5 Nxd5 10. Nxe5 Nxe5 11. Rxe5 c6 12. Re1 Bd6 13. d4 Qh4 
14. g3 Qh3 15. Qe2 Bg4 16. Qf1 Qh5 17. Nd2 Rae8 18. f3 Rxe1 19. Qxe1 Bxf3 
20. Nxf3 Qxf3 21. Bd2 Qg4 22. a4 Qd7 23. Qf2 Re8 24. Bd1 g6 25. Bf3 h5 
26. axb5 axb5 27. Re1 Rxe1+ 28. Qxe1 Bf8 29. Qe2 Qd8 30. Kg2 Bg7 31. Be3 Kh7 
32. Bf2 h4 33. Be3 hxg3 34. hxg3 Kg8 35. Bd2 Bf6 36. Kf2 Kg7 37. g4 b4 
38. Qe4 bxc3 39. bxc3 Bg5 40. Bxg5 Qxg5 41. Qe5+ Qxe5 42. dxe5 Nxc3 43. Bxc6 f6 
44. Ke3 fxe5 45. g5 Nd1+ 46. Kf3 Nc3 47. Ke3 e4 48. Bxe4 Kf7 49. Bd3 Kf8 
50. Kd4 Na2 51. Bc4 1/2-1/2

[Event "Monday 22January Rapid Engine Tour 12+1 Rounds 9 Starts 1600 ST"]
[Site "Infinity Chess"]
[Date "2018.1.22"]
[Round "5"]
[White "hafaba"]
[Black "ivrdurant"]
[Result "1/2-1/2"]
[ECO "A46"]
[WhiteElo "2422"]
[BlackElo "2376"]
[WhiteEngine "Stockfish SL FA POPCNT_CTG"]
[BlackEngine "Raubfisch X37b3._CTG"]
[EventType "Swiss"]
[WhiteTeam ""]
[BlackTeam ""]
[PlyCount "106"]
[TimeControl "720+1"]

1. d4 Nf6 2. Nf3 e6 3. c4 Bb4+ 4. Nbd2 O-O 5. a3 Be7 6. e4 d5 7. e5 Nfd7 
8. Bd3 c5 9. O-O Nc6 10. Re1 a5 11. Nb3 dxc4 12. Bxc4 a4 13. Nxc5 Nxc5 
14. dxc5 Qxd1 15. Rxd1 Bxc5 16. Bb5 Ra5 17. Bd3 Ra7 18. Bf4 b6 19. Rac1 Bb7 
20. Be3 Bxe3 21. fxe3 Ne7 22. Bb1 Ba8 23. Kf2 Ra5 24. Rc7 Nc6 25. Rd6 Nxe5 
26. Nxe5 Rxe5 27. Rxb6 Rh5 28. h3 Rg5 29. g3 Rd5 30. e4 Rd2+ 31. Ke3 Rg2 
32. Kf4 h6 33. Bc2 f5 34. exf5 exf5 35. Rg6 Rf7 36. Rxf7 Kxf7 37. Bxf5 Rxb2 
38. Ra6 Bb7 39. Bg6+ Ke7 40. Rxa4 Kf6 41. Be4 g5+ 42. Ke3 Bxe4 43. Kxe4 Rb3 
44. g4 Rxh3 45. Ra6+ Kg7 46. a4 Rg3 47. Kf5 Rf3+ 48. Ke5 Rf4 49. Ra7+ Kg6 
50. Ra6+ Kg7 51. Ra7+ Kg6 52. Ra6+ Kh7 53. Ra7+ Kg6 1/2-1/2

[Event "Monday 22January Rapid Engine Tour 12+1 Rounds 9 Starts 1600 ST"]
[Site "Infinity Chess"]
[Date "2018.1.22"]
[Round "5"]
[White "Victorious"]
[Black "Thinker"]
[Result "1/2-1/2"]
[ECO "C50"]
[WhiteElo "2483"]
[BlackElo "2415"]
[WhiteEngine "BugChess2.41_Release"]
[BlackEngine "BrainFish_180113_x64_modern_CTG"]
[EventType "Swiss"]
[WhiteTeam ""]
[BlackTeam ""]
[PlyCount "89"]
[TimeControl "720+1"]

1. e4 e5 2. Nf3 Nc6 3. Bc4 Bc5 4. d3 Nf6 5. O-O d6 6. a4 a5 7. Re1 Be6 
8. Bxe6 fxe6 9. c3 Qd7 10. Na3 O-O 11. Qb3 h6 12. Be3 Bxe3 13. Rxe3 Rf7 
14. Nc4 Raf8 15. h3 Nh5 16. Rae1 g5 17. Rf1 Nf4 18. Kh2 Rg7 19. Ncd2 Qe8 
20. Qxb7 g4 21. Ng1 h5 22. Rg3 d5 23. Qb3 Qf7 24. Qb5 Qd7 25. Qc5 Rb8 26. b3 Kh8 
27. Qe3 Rf8 28. Qe1 Qe7 29. Ne2 Qf6 30. f3 gxh3 31. Rxg7 Nxd3 32. Qg3 Qxg7 
33. Qxh3 Qg6 34. exd5 exd5 35. c4 Nd4 36. Nxd4 Nf4 37. Qg3 Qxg3+ 38. Kxg3 Rg8+ 
39. Kh4 Rxg2 40. Nc6 Ng6+ 41. Kxh5 Nf4+ 42. Kh4 Ng6+ 43. Kh5 Nf4+ 44. Kh4 Ng6+ 
45. Kh5 1/2-1/2

[Event "Monday 22January Rapid Engine Tour 12+1 Rounds 9 Starts 1600 ST"]
[Site "Infinity Chess"]
[Date "2018.1.22"]
[Round "5"]
[White "Satria_Ungu"]
[Black "KULLANI"]
[Result "0-1"]
[ECO "A06"]
[WhiteElo "2419"]
[BlackElo "2441"]
[WhiteEngine "Houdini 6_CTG"]
[BlackEngine "asmfish-popcnt-012018-W_CTG"]
[EventType "Swiss"]
[WhiteTeam ""]
[BlackTeam ""]
[PlyCount "222"]
[TimeControl "720+1"]

1. Nf3 d5 2. d4 Nf6 3. c4 e6 4. Nc3 c6 5. e3 Nbd7 6. Bd3 dxc4 7. Bxc4 b5 
8. Be2 Bb7 9. O-O a6 10. e4 c5 11. e5 Nd5 12. a4 b4 13. Nxd5 Bxd5 14. Be3 Be7 
15. Rc1 Qa5 16. Bc4 Bxc4 17. Rxc4 Nb6 18. Rc1 Qxa4 19. b3 Qd7 20. dxc5 Qxd1 
21. Rfxd1 Nd5 22. Rc4 a5 23. g3 Kd7 24. Bg5 Rhd8 25. Bxe7 Kxe7 26. Ra1 Ke8 
27. Rg4 Kf8 28. Rd4 h6 29. Kg2 Ke7 30. h4 Nc3 31. Rg4 Kd7 32. Nd4 g6 33. Rf4 Rf8 
34. h5 gxh5 35. Rh4 Rg8 36. Rf4 Rg7 37. Rh1 Rc8 38. c6+ Kc7 39. Rxh5 Rh7 
40. Nf3 Nd5 41. Rg4 Kxc6 42. Nd2 Rhh8 43. Nc4 Ra8 44. Rh1 h5 45. Rd4 Kc5 
46. Rdh4 a4 47. bxa4 Rxa4 48. Rc1 Kb5 49. Nd6+ Kb6 50. Rc2 Ra1 51. Rb2 Ka5 
52. Rc4 Rb8 53. Rc5+ Ka4 54. Rc6 Ra8 55. Rd2 h4 56. gxh4 Rg8+ 57. Kh2 Rag1 
58. f3 Rb1 59. Ne4 Rh8 60. Ra2+ Kb3 61. Ra7 Rxh4+ 62. Kg3 Rbh1 63. Nf2 R1h2 
64. Nd3 R2h3+ 65. Kg2 Rh1 66. Nc1+ Kb2 67. Nd3+ Kb1 68. Rxf7 R4h2+ 69. Kg3 Rh8 
70. Kf2 Rg8 71. f4 Rh2+ 72. Kf3 Rh3+ 73. Ke4 Nc3+ 74. Rxc3 bxc3 75. Rb7+ Kc2 
76. Nc5 Re8 77. Rb6 Kd1 78. Nxe6 c2 79. Rd6+ Ke1 80. Rc6 Kd2 81. Rd6+ Ke1 
82. Rc6 Rxe6 83. Rxc2 Rb6 84. Rc4 Kd2 85. Ra4 Rh5 86. Kf3 Kd3 87. Ra8 Rh1 
88. Rd8+ Kc3 89. Rc8+ Kd4 90. Rd8+ Kc5 91. Rc8+ Kd5 92. Rd8+ Ke6 93. Re8+ Kf7 
94. Ra8 Rf1+ 95. Kg4 Rb4 96. Ra7+ Ke6 97. Ra6+ Kd5 98. Rf6 Ke4 99. Kg5 Rg1+ 
100. Kh6 Rb2 101. Kh7 Rh2+ 102. Rh6 Rxh6+ 103. Kxh6 Kxf4 104. e6 Kf5 105. e7 Re1 
106. e8=Q Rxe8 107. Kg7 Re7+ 108. Kf8 Kf6 109. Kg8 Re8+ 110. Kh7 Rf8 
111. Kh6 Rh8# 0-1

[Event "Monday 22January Rapid Engine Tour 12+1 Rounds 9 Starts 1600 ST"]
[Site "Infinity Chess"]
[Date "2018.1.22"]
[Round "5"]
[White "Prometheus"]
[Black "MarioDeMonti"]
[Result "1/2-1/2"]
[ECO "B51"]
[WhiteElo "2427"]
[BlackElo "2466"]
[WhiteEngine "Eman 1.58-64bit-IDeA"]
[BlackEngine "stockfish_x64_bmi2_2018_01_13_CTG"]
[EventType "Swiss"]
[WhiteTeam ""]
[BlackTeam ""]
[PlyCount "117"]
[TimeControl "720+1"]

1. e4 c5 2. Nf3 d6 3. Bb5+ Nd7 4. O-O a6 5. Be2 Ngf6 6. d3 e6 7. a4 b6 
8. Na3 Be7 9. Bf4 O-O 10. Nd2 Bb7 11. c3 Bc6 12. Nc2 b5 13. b3 Bb7 14. Bg3 Rc8 
15. axb5 axb5 16. Qb1 Nb8 17. b4 cxb4 18. cxb4 Nc6 19. Qb2 Qb6 20. Bf4 Qc7 
21. Nf3 Qd8 22. Rfd1 e5 23. Bg3 Nh5 24. Ne3 Nxg3 25. hxg3 Nd4 26. Ra5 Nxe2+ 
27. Qxe2 Qb6 28. Nf5 Rfe8 29. Nxe7+ Rxe7 30. d4 Bc6 31. Kh2 exd4 32. Nxd4 Rxe4 
33. Qa2 Re5 34. Ra6 Bd5 35. Rxb6 Bxa2 36. f4 Rh5+ 37. Kg1 g6 38. Rxd6 Kg7 
39. Kf2 h6 40. g4 Rd5 41. Rxd5 Bxd5 42. Nxb5 Rc2+ 43. Ke3 Bxg2 44. Nd4 Rb2 
45. Rd2 Rxd2 46. Kxd2 Kf6 47. b5 h5 48. gxh5 gxh5 49. b6 Ba8 50. Ke3 h4 
51. Nf3 Bd5 52. Nxh4 Ba8 53. Nf3 Ke6 54. Ne5 Kd5 55. Kd2 Bb7 56. Nxf7 Kc5 
57. f5 Kxb6 58. Nd8 Bh1 59. f6 1/2-1/2

[Event "Monday 22January Rapid Engine Tour 12+1 Rounds 9 Starts 1600 ST"]
[Site "Infinity Chess"]
[Date "2018.1.22"]
[Round "5"]
[White "Eman"]
[Black "KhalidOmar"]
[Result "1/2-1/2"]
[ECO "D30"]
[WhiteElo "2479"]
[BlackElo "2460"]
[WhiteEngine "Eman 1.66 64-bit POPCNT"]
[BlackEngine "Eman 1.66 64-bit BMI2"]
[EventType "Swiss"]
[WhiteTeam ""]
[BlackTeam ""]
[PlyCount "101"]
[TimeControl "720+1"]

1. d4 d5 2. c4 e6 3. Nf3 Nf6 4. Nc3 c6 5. e3 Nbd7 6. Qc2 Bd6 7. Bd3 O-O 
8. O-O dxc4 9. Bxc4 a6 10. Rd1 b5 11. Bd3 Bb7 12. Ng5 h6 13. Nge4 Bc7 14. a3 Qe7 
15. b4 a5 16. Bd2 e5 17. Rac1 exd4 18. exd4 Ng4 19. Be2 axb4 20. axb4 Bxh2+ 
21. Kh1 f5 22. Bxg4 Bb8 23. Bh3 fxe4 24. Qxe4 Qxe4 25. Nxe4 Nf6 26. f3 Ra3 
27. Be6+ Kh8 28. Bh3 Kg8 29. Nxf6+ Rxf6 30. Kg1 Kf7 31. Bg4 Rd3 32. Bc3 Rxd1+ 
33. Rxd1 Rd6 34. Ra1 g6 35. f4 h5 36. Bf3 Rd7 37. f5 gxf5 38. Re1 Ba7 
39. Bxh5+ Kf6 40. Rd1 Rd6 41. Bf3 f4 42. g3 fxg3 43. Kg2 Bc8 44. d5+ Kf5 
45. Rh1 cxd5 46. Rh5+ Kg6 47. Rxd5 Rxd5 48. Bxd5 Bf2 49. Be5 Kf5 50. Bxg3 Bxg3 
51. Kxg3 1/2-1/2

[Event "Monday 22January Rapid Engine Tour 12+1 Rounds 9 Starts 1600 ST"]
[Site "Infinity Chess"]
[Date "2018.1.22"]
[Round "5"]
[White "CrapCleaner"]
[Black "RonWeasley"]
[Result "1-0"]
[ECO "C11"]
[WhiteElo "2469"]
[BlackElo "2496"]
[WhiteEngine "Raubfisch ME262_GTZ16b3._CTG"]
[BlackEngine "BrainFish 130117_CTG"]
[EventType "Swiss"]
[WhiteTeam ""]
[BlackTeam ""]
[PlyCount "149"]
[TimeControl "720+1"]

1. e4 e6 2. d4 d5 3. Nc3 Nf6 4. e5 Nfd7 5. f4 c5 6. Nf3 Nc6 7. Be3 cxd4 
8. Nxd4 Qb6 9. Qd2 Qxb2 10. Rb1 Qa3 11. Bb5 Nxd4 12. Bxd4 a6 13. Rb3 Qe7 
14. Ba4 g6 15. O-O Bg7 16. Bxd7+ Qxd7 17. a4 Qc7 18. Rfb1 O-O 19. a5 Re8 
20. Nd1 Bd7 21. Rxb7 Qc8 22. R7b6 Bb5 23. Ne3 Kh8 24. Ng4 Qc4 25. Nf6 Rec8 
26. c3 h6 27. g4 Bxf6 28. exf6 Kh7 29. h3 Rc7 30. Kh2 Rg8 31. Rg1 Ra8 32. h4 Rg8 
33. Rg2 Rd7 34. Qd1 Rc7 35. Qb1 Qf1 36. Qxf1 Bxf1 37. Rg3 Rd7 38. Re3 Bb5 
39. Kg3 Rdd8 40. Kf3 Rge8 41. Re1 Kg8 42. Re5 Rf8 43. h5 Kh7 44. f5 exf5 
45. gxf5 gxh5 46. Rxb5 axb5 47. a6 Ra8 48. a7 Rfe8 49. Rxd5 Red8 50. Rxd8 Rxd8 
51. Kg3 Kg8 52. Kh4 Rc8 53. Kxh5 Re8 54. Kxh6 Ra8 55. Bc5 Kh8 56. Kg5 Kg8 
57. Kf4 Re8 58. Bd6 Rc8 59. Bc7 Kf8 60. Ke5 Re8+ 61. Kd6 Ra8 62. Bb8 Kg8 
63. Ke7 b4 64. cxb4 Kh7 65. Kxf7 Kh6 66. Ke7 Kg5 67. f7 Kg4 68. f8=Q Kf3 
69. Qg8 Rxa7+ 70. Bxa7 Ke2 71. Qd5 Ke1 72. f6 Ke2 73. f7 Kf1 74. f8=Q+ Ke1 
75. Qf2# 1-0

[Event "Monday 22January Rapid Engine Tour 12+1 Rounds 9 Starts 1600 ST"]
[Site "Infinity Chess"]
[Date "2018.1.22"]
[Round "5"]
[White "Longin"]
[Black "Katzenmaier"]
[Result "1/2-1/2"]
[ECO "C53"]
[WhiteElo "2450"]
[BlackElo "2465"]
[WhiteEngine "S_XPrO.251117.x64.POPCNT_CTG"]
[BlackEngine "SugaR XPrO x64 POPCNT_CTG"]
[EventType "Swiss"]
[WhiteTeam ""]
[BlackTeam ""]
[PlyCount "141"]
[TimeControl "720+1"]

1. e4 e5 2. Nf3 Nc6 3. Bc4 Bc5 4. c3 Nf6 5. d3 d6 6. O-O O-O 7. Bb3 h6 
8. Nbd2 a5 9. Re1 Be6 10. Nf1 Bxb3 11. Qxb3 a4 12. Qc2 Re8 13. Be3 Qd7 
14. Rad1 Bxe3 15. Nxe3 b5 16. h3 Qe6 17. a3 Na5 18. Nf5 Kh7 19. Qc1 Nd7 
20. Qc2 g6 21. Ne3 Kg7 22. Nd5 Ra7 23. d4 Nf6 24. Nb4 c5 25. Nd5 Nc4 
26. Nxf6 Qxf6 27. dxe5 dxe5 28. Nd2 Nxd2 29. Qxd2 Rb7 30. Qe3 Rc8 31. Rd5 b4 
32. Rxc5 Rxc5 33. Qxc5 bxa3 34. bxa3 Rb2 35. g3 h5 36. h4 g5 37. hxg5 Qxg5 
38. Re3 Qf6 39. Rd3 h4 40. Kg2 Kh7 41. Qe3 Qg6 42. Kh2 Qxg3+ 43. Qxg3 hxg3+ 
44. Kxg3 Rb3 45. Kg4 Rxa3 46. Kf5 Rb3 47. Kxe5 a3 48. Rd6 Rb5+ 49. Kf4 Ra5 
50. Rd1 a2 51. Ra1 f6 52. c4 Kg6 53. Ke3 f5 54. Kd4 fxe4 55. c5 Kf5 56. c6 Ra4+ 
57. Kc3 Ra7 58. Kd4 Ke6 59. Kc3 Kd5 60. Kb2 Kxc6 61. Rxa2 Rxa2+ 62. Kxa2 Kd5 
63. Kb3 Ke6 64. Kc3 Kf5 65. Kd2 Ke5 66. Kc2 Kf4 67. Kc3 Kf3 68. Kd4 Kf4 
69. Kc3 Kf3 70. Kd4 Kf4 71. Kc3 1/2-1/2

[Event "Monday 22January Rapid Engine Tour 12+1 Rounds 9 Starts 1600 ST"]
[Site "Infinity Chess"]
[Date "2018.1.22"]
[Round "5"]
[White "SkyPilot"]
[Black "Marsell"]
[Result "1/2-1/2"]
[ECO "C55"]
[WhiteElo "2478"]
[BlackElo "2487"]
[WhiteEngine "stockfish_x64_bmi2_2018_01_13_CTG"]
[BlackEngine "asmFishW_2018-01-11_popcnt"]
[EventType "Swiss"]
[WhiteTeam ""]
[BlackTeam ""]
[PlyCount "54"]
[TimeControl "720+1"]

1. e4 e5 2. Nf3 Nc6 3. Bc4 Nf6 4. d3 Bc5 5. c3 d6 6. O-O O-O 7. Bg5 h6 8. Bh4 a6 
9. Nbd2 Ba7 10. Bb3 Na5 11. Ba4 g5 12. Bg3 Nh5 13. b4 Nxg3 14. hxg3 Nc6 
15. Bxc6 bxc6 16. Nb3 Re8 17. Qd2 Rb8 18. Rfe1 Bd7 19. Rac1 Qe7 20. a3 Qe6 
21. Na5 Bb6 22. Nc4 Ba7 23. Rcd1 Kg7 24. Na5 Bb6 25. Nc4 Ba7 26. Ne3 Qg6 
27. Nc4 Qe6 1/2-1/2

[Event "Monday 22January Rapid Engine Tour 12+1 Rounds 9 Starts 1600 ST"]
[Site "Infinity Chess"]
[Date "2018.1.22"]
[Round "5"]
[White "Wolle"]
[Black "xeonrocks"]
[Result "1/2-1/2"]
[ECO "C55"]
[WhiteElo "2492"]
[BlackElo "2550"]
[WhiteEngine "Raubfisch X37a2_CTG"]
[BlackEngine "asmFishW_CTG"]
[EventType "Swiss"]
[WhiteTeam ""]
[BlackTeam ""]
[PlyCount "128"]
[TimeControl "720+1"]

1. e4 e5 2. Nf3 Nc6 3. Bc4 Nf6 4. d3 Bc5 5. O-O a5 6. c3 d6 7. Bg5 O-O 8. Re1 h6 
9. Bh4 g5 10. Bg3 g4 11. Bh4 gxf3 12. Qxf3 Kg7 13. Nd2 Be6 14. Rad1 Bxc4 
15. Nxc4 Qe7 16. d4 exd4 17. Qg3+ Kh7 18. Qf4 Qe6 19. Bxf6 dxc3 20. Bxc3 f5 
21. e5 d5 22. Nd2 Rad8 23. Nb3 b6 24. Nc1 Ne7 25. Bd2 Rg8 26. Nd3 Rg4 
27. Qf3 Ng6 28. Nxc5 bxc5 29. Qh3 Ne7 30. f3 Rg6 31. Bxa5 Rc8 32. Qh4 Nc6 
33. Bd2 Ra8 34. Rc1 c4 35. a3 Rag8 36. Re2 f4 37. Kh1 Nd4 38. Rf2 Qxe5 
39. Re1 Qg5 40. Qxf4 Qxf4 41. Bxf4 Re6 42. Rxe6 Nxe6 43. Be5 Re8 44. g3 Re7 
45. Kg2 Nc5 46. Re2 Nd3 47. f4 c5 48. Kf3 Rb7 49. a4 d4 50. a5 Ra7 51. Ke4 Rxa5 
52. Kd5 Ra4 53. Rd2 Kg6 54. Bd6 Kf5 55. Bxc5 Nxc5 56. Kxc5 d3 57. Kd4 h5 
58. b3 cxb3+ 59. Kxd3 h4 60. gxh4 b2 61. Rxb2 Rxf4 62. Ra2 Kg4 63. h5 Rf1 
64. h6 Rf7 1/2-1/2

[Event "Monday 22January Rapid Engine Tour 12+1 Rounds 9 Starts 1600 ST"]
[Site "Infinity Chess"]
[Date "2018.1.22"]
[Round "4"]
[White "Prometheus"]
[Black "Dinkelberger"]
[Result "1-0"]
[ECO "A20"]
[WhiteElo "2412"]
[BlackElo "2379"]
[WhiteEngine "Eman 1.58-64bit-IDeA"]
[BlackEngine "stockfish_17111113_x64_modern_CTG"]
[EventType "Swiss"]
[WhiteTeam ""]
[BlackTeam ""]
[PlyCount "241"]
[TimeControl "720+1"]

1. c4 e5 2. g3 Nf6 3. Bg2 c6 4. Nc3 d5 5. d4 exd4 6. Qxd4 dxc4 7. Qxc4 Be6 
8. Qa4 Bc5 9. Nh3 Qe7 10. O-O Nbd7 11. Nf4 O-O 12. Qc2 Rfe8 13. Rd1 Rad8 
14. Na4 Bd6 15. Nxe6 Qxe6 16. Be3 a6 17. a3 Nd5 18. Ba7 N5f6 19. Rd2 Bc7 
20. Rad1 h5 21. e3 h4 22. Bd4 h3 23. Bxf6 Nxf6 24. Nc5 Rxd2 25. Rxd2 Qc8 
26. Bf1 Re5 27. b4 Bb6 28. Nd3 Rh5 29. Nf4 Rh6 30. a4 Bc7 31. Rd4 Bb6 32. Rd1 g5 
33. Nd5 Bd8 34. b5 Nxd5 35. Rxd5 axb5 36. axb5 Kf8 37. bxc6 Rxc6 38. Qd3 Bf6 
39. Rf5 Qd8 40. Rd5 Qc8 41. Rf5 Qd8 42. Qxd8+ Bxd8 43. Bxh3 Be7 44. Rb5 b6 
45. Bf1 Bc5 46. Rb2 Re6 47. h3 Re4 48. Ra2 Rb4 49. Kg2 Ke7 50. Ra7+ Ke6 
51. Ra2 f5 52. Rd2 Re4 53. Kf3 Rb4 54. Ba6 Ke5 55. Rd8 g4+ 56. hxg4 fxg4+ 
57. Ke2 Ra4 58. Bd3 Ra2+ 59. Kf1 Ra1+ 60. Kg2 Ra2 61. Re8+ Kf6 62. Re4 Rd2 
63. Ba6 Rc2 64. Bb5 Kf5 65. Re8 Kg5 66. Re5+ Kf6 67. Re4 Kf5 68. Re8 Kg5 
69. Bd7 Rd2 70. Bc8 Rc2 71. Kf1 Rc1+ 72. Ke2 Rc2+ 73. Ke1 Rc1+ 74. Kd2 Rc4 
75. Rg8+ Kh5 76. Bd7 Rb4 77. Rh8+ Kg5 78. Rh4 Rb2+ 79. Ke1 Rb1+ 80. Ke2 Rb2+ 
81. Kf1 b5 82. Rxg4+ Kf6 83. Rf4+ Ke7 84. Bf5 Kd6 85. g4 Rb4 86. Rf3 Rc4 
87. Rh3 Ra4 88. Rh6+ Ke7 89. g5 b4 90. Rh7+ Kf8 91. Rc7 Bd6 92. Rd7 Ra5 
93. Rxd6 Rxf5 94. Rb6 Rxg5 95. Rxb4 Ra5 96. Kg2 Ke7 97. Rb6 Kd8 98. Kg3 Ra3 
99. Kf4 Ra1 100. e4 Rf1 101. f3 Ke8 102. e5 Kd8 103. Rb7 Rf2 104. Rh7 Rf1 
105. Kg4 Ke8 106. e6 Kf8 107. f4 Ra1 108. Kg5 Ra4 109. f5 Kg8 110. Rd7 Kf8 
111. f6 Kg8 112. Rd8+ Kh7 113. f7 Ra1 114. f8=Q Rg1+ 115. Kh4 Rh1+ 116. Kg3 Rg1+ 
117. Kf2 Rf1+ 118. Kxf1 Kg6 119. Rd5 Kh7 120. Rh5+ Kg6 121. Qf7# 1-0

[Event "Monday 22January Rapid Engine Tour 12+1 Rounds 9 Starts 1600 ST"]
[Site "Infinity Chess"]
[Date "2018.1.22"]
[Round "4"]
[White "OlivierEvan"]
[Black "ocirema"]
[Result "1/2-1/2"]
[ECO "D30"]
[WhiteElo "2390"]
[BlackElo "2433"]
[WhiteEngine "Houdini 6"]
[BlackEngine "asmfish-popcnt-012018-W_CTG"]
[EventType "Swiss"]
[WhiteTeam ""]
[BlackTeam ""]
[PlyCount "134"]
[TimeControl "720+1"]

1. d4 d5 2. c4 e6 3. Nf3 Nf6 4. Nc3 c6 5. Bg5 h6 6. Bxf6 Qxf6 7. e3 Nd7 
8. Be2 g6 9. O-O Bg7 10. e4 dxe4 11. Nxe4 Qf4 12. Qc2 f5 13. Ned2 c5 14. g3 Qc7 
15. Nh4 Bxd4 16. Nxg6 Rg8 17. Nh4 Nf6 18. Ndf3 Rxg3+ 19. hxg3 Qxg3+ 20. Ng2 Ng4 
21. Qd2 Bxf2+ 22. Rxf2 Qxf2+ 23. Kh1 Bd7 24. Rf1 Qg3 25. Qe1 Qxe1 26. Nfxe1 Ne5 
27. Nf3 Ng4 28. Nfh4 Ne5 29. Kg1 Ke7 30. Nf4 Rg8+ 31. Kf2 Ng4+ 32. Ke1 Ne5 
33. Nf3 Nf7 34. Nd3 b6 35. Nde5 Nxe5 36. Nxe5 Be8 37. Rh1 Rh8 38. Bh5 Kf6 
39. Nd3 Bxh5 40. Rxh5 e5 41. Kf2 Rh7 42. b4 cxb4 43. Nxb4 Kg6 44. Rh1 h5 
45. Rg1+ Kf7 46. Nd5 Rg7 47. Re1 Ke6 48. Nf4+ Kd6 49. Rd1+ Ke7 50. Nxh5 Rg4 
51. c5 bxc5 52. Rd5 Ke6 53. Rxc5 Ra4 54. Rc6+ Kd5 55. Rc2 Ke6 56. Rd2 Rg4 
57. a3 Ra4 58. Rd3 f4 59. Ng7+ Kf7 60. Nf5 Ke6 61. Nd6 e4 62. Rd1 a6 63. Kg2 Ke5 
64. Nf7+ Kf6 65. Nd6 Ke5 66. Kf2 Ke6 67. Kg2 Ke5 1/2-1/2

[Event "Monday 22January Rapid Engine Tour 12+1 Rounds 9 Starts 1600 ST"]
[Site "Infinity Chess"]
[Date "2018.1.22"]
[Round "4"]
[White "ivrdurant"]
[Black "star99"]
[Result "1/2-1/2"]
[ECO "B90"]
[WhiteElo "2374"]
[BlackElo "2431"]
[WhiteEngine "Raubfisch X37b3._CTG"]
[BlackEngine "Cryptic AIL V1"]
[EventType "Swiss"]
[WhiteTeam ""]
[BlackTeam ""]
[PlyCount "77"]
[TimeControl "720+1"]

1. e4 c5 2. Nf3 d6 3. d4 cxd4 4. Nxd4 Nf6 5. Nc3 a6 6. Be3 e5 7. Nb3 Be7 
8. Be2 Be6 9. Qd3 Nc6 10. a3 Rc8 11. Nd5 O-O 12. Nb6 Rb8 13. Rd1 Ng4 
14. Bxg4 Bxg4 15. f3 Be6 16. O-O f5 17. Nd5 fxe4 18. fxe4 Rxf1+ 19. Rxf1 Bg5 
20. Bxg5 Qxg5 21. Nd2 Qd8 22. Rd1 Bg4 23. Rf1 Be6 24. Rd1 b5 25. Kh1 Qd7 
26. Nf3 h6 27. h3 Rf8 28. Ne3 Rd8 29. Kg1 Ne7 30. Qd2 Ng6 31. Qa5 Kh7 
32. Qb6 Bxh3 33. gxh3 Qxh3 34. Qxd8 Qxf3 35. Re1 Qg3+ 36. Kf1 Qf3+ 37. Kg1 Qg3+ 
38. Kf1 Qf3+ 39. Kg1 1/2-1/2

[Event "Monday 22January Rapid Engine Tour 12+1 Rounds 9 Starts 1600 ST"]
[Site "Infinity Chess"]
[Date "2018.1.22"]
[Round "4"]
[White "Thinker"]
[Black "BraveDevil"]
[Result "1/2-1/2"]
[ECO "B90"]
[WhiteElo "2417"]
[BlackElo "2379"]
[WhiteEngine "BrainFish_180113_x64_modern_CTG"]
[BlackEngine "Cryptic AIL V1"]
[EventType "Swiss"]
[WhiteTeam ""]
[BlackTeam ""]
[PlyCount "110"]
[TimeControl "720+1"]

1. e4 c5 2. Nf3 d6 3. d4 cxd4 4. Nxd4 Nf6 5. Nc3 a6 6. Be3 e5 7. Nb3 Be7 
8. Be2 Be6 9. Qd3 Nc6 10. a3 Rc8 11. Rd1 Na5 12. Nxa5 Qxa5 13. O-O O-O 
14. Rfe1 Qc7 15. h3 Rfd8 16. Bf3 b5 17. Rc1 h6 18. Red1 Bd7 19. Bd2 Qb7 
20. Be2 Be6 21. Qf3 Re8 22. Re1 a5 23. b4 axb4 24. axb4 Bc4 25. Bd3 Red8 
26. Qg3 Kh8 27. Rb1 Rd7 28. Rec1 d5 29. exd5 Bxd3 30. cxd3 Nxd5 31. Nxd5 Rxc1+ 
32. Rxc1 Qxd5 33. Rc8+ Rd8 34. Rxd8+ Bxd8 35. Bc3 Bc7 36. d4 exd4 37. Qxc7 dxc3 
38. Qc8+ Kh7 39. Qxc3 Kg8 40. Qc2 f6 41. Qc7 Qd1+ 42. Kh2 Kh7 43. Qc5 Qd7 
44. g4 Kg8 45. Kg3 Qd3+ 46. f3 g5 47. Qe7 Qd2 48. Qxf6 Qe1+ 49. Kg2 Qd2+ 
50. Kf1 Qd1+ 51. Kg2 Qe2+ 52. Kg3 Qe1+ 53. Kg2 Qd2+ 54. Kf1 Qd1+ 55. Kg2 Qd2+ 
1/2-1/2